 Dungeon Crawl Stone Soup version 0.21-a0-513-gdcb3f5e (webtiles) character file.

5249 theanonym the Basher (level 10, -1/68 HPs)
             Began as a Gargoyle Fighter on Dec 1, 2017.
             Splashed by Joseph's acid (6 damage)
             ... on level 8 of the Dungeon.
             The game lasted 00:17:14 (8444 turns).

theanonym the Basher (Gargoyle Fighter)             Turns: 8444, Time: 00:17:15

Health: -1/68      AC: 18    Str: 22    XL:     10   Next: 62%
Magic:  10/10      EV:  4    Int:  7    God:    Xom [*.....]
Gold:   366        SH:  9    Dex: 11    Spells: 9/9 levels left

rFire    . . .     SeeInvis .   H - +0 flail (drain)
rCold    . . .     Gourm    .   c - +0 shield
rNeg     + . .     Faith    .   x - +0 plate armour (curse)
rPois    ∞         Spirit   .   (no helmet)
rElec    +         Reflect  .   F - +2 cloak {+Inv}
rCorr    .         Harm     .   (no gloves)
MR       .....     Clarity  +   M - +0 pair of boots
Stlth    ..........             (no amulet)
HPRegen  0.21/turn              g - -3 ring of intelligence (curse)
MPRegen  0.12/turn              (no ring)

@: corroded
A: agile 1, blurry vision 1, clarity, negative energy resistance 1, electricity
resistance, unbreathing, petrification resistance, rot immunity, AC +7
a: Renounce Religion, Evoke Invisibility


Innate Abilities, Weirdness & Mutations

You are resistant to torment.
Your stone body is resilient. (AC +7)
You are immune to poison.
You resist negative energy. (rN+)
You are resistant to electric shocks. (rElec)
You can survive without breathing.
You are immune to petrification.
You are immune to rotting.
You are agile. (Dex +2)
Scrolls take you a little longer to read.
You possess an exceptional clarity of mind.


   Skills:
 + Level 10.2 Fighting
 * Level 12.4 Maces & Flails
 - Level 3.2 Armour
 - Level 3.2 Shields


You had 9 spell levels left.
You didn't know any spells.

Skill      XL: |  1  2  3  4  5  6  7  8  9 10 |
---------------+-------------------------------+-----
Maces & Flails | 3 4 5 6 7 9 11 12 | 12.4
Fighting       | 4 5 6 7 9 10 | 10.2
Armour         | |  3.2
Shields        | |  3.2

Action                   |  1- 3 |  4- 6 |  7- 9 | 10-12 || total
-------------------------+-------+-------+-------+-------++-------
Melee: Flail             |   108 |   128 |   763 |   180 ||  1179
Throw: Throwing net      |       |       |     1 |       ||     1
Evoke: Wand              |       |       |     4 |       ||     4
  Use: Potion            |       |     2 |     4 |     3 ||     9
       Scroll            |       |       |    17 |       ||    17
 Stab: Invisible         |       |       |     3 |       ||     3
       Petrified         |       |       |       |     3 ||     3
       Petrifying        |       |       |       |     1 ||     1
  Eat: Chunk             |     1 |     3 |    22 |     4 ||    30
       Meat ration       |       |       |     1 |       ||     1
Armor: Chain mail        |    63 |    50 |   344 |       ||   457
       Scale mail        |     7 |       |       |       ||     7
       Skin              |       |     5 |    45 |     4 ||    54
       Plate armour      |       |       |   103 |   123 ||   226
Dodge: Dodged            |    30 |    25 |   143 |    29 ||   227
Block: Shield            |    71 |    45 |   324 |    83 ||   523

Inventory:

Hand Weapons
 H - a +0 flail of draining (weapon)
   (You took it off an orc on level 4 of the Dungeon)
Missiles
 l - 2 tomahawks (quivered)
 G - 2 exploding tomahawks
Armour
 c - a +0 shield (worn)
 x - a cursed +0 plate armour (worn)
   (You took it off an orc warrior on level 6 of the Dungeon)
 F - a +2 cloak of invisibility (worn)
   (You took it off Crazy Yiuf on level 4 of the Dungeon)
 M - a +0 pair of boots (worn)
   (You found it on level 6 of the Dungeon)
Jewellery
 g - a cursed -3 ring of intelligence (left hand)
   (You found it on level 2 of the Dungeon)
 h - an uncursed ring of fire {rF+, rC-}
   (You found it on level 3 of the Dungeon)
 p - an uncursed ring of ice {rC+, rF-}
   (You found it on level 2 of the Dungeon)
 L - the amulet "Istrecs" {RegenMP *Corrode rF+ rC+}
   (You found it on level 6 of the Dungeon)

   [amulet of magic regeneration]

   It increases your magic regeneration.
   It protects you from fire.
   It protects you from cold.
   It may corrode you when you take damage.
Wands
 d - a wand of digging (13)
   (You took it off Sigmund on level 3 of the Dungeon)
 e - a wand of disintegration (15)
   (You found it on level 4 of the Dungeon)
 N - a wand of paralysis (21)
   (You found it on level 6 of the Dungeon)
Scrolls
 b - 2 scrolls of blinking
 f - a scroll of fog {!r}
 k - a scroll of fear {!r}
 t - 3 scrolls of teleportation {!r}
 v - a scroll of enchant weapon
 y - a scroll of magic mapping {!r}
 J - a scroll of immolation
Potions
 i - 4 potions of flight
 q - a potion of heal wounds
 u - 3 potions of haste
 w - 4 potions of curing
 z - 5 potions of mutation
 D - 2 potions of ambrosia
 E - 3 potions of lignification
Comestibles
 a - 4 chunks of flesh
 j - 4 meat rations
 o - 6 bread rations

Dungeon Overview and Level Annotations

Branches:
Dungeon (8/15)             Temple (1/1) D:4
   Lair: D:8-11

Altars:
Ashenzari
Cheibriados
Dithmenos
Fedhas
Gozag
Hepliaklqana
Kikubaaqudgha
Makhleb
Okawaru
Qazlal
Sif Muna
Trog
Uskayaw
Vehumet
Wu Jian
Xom
Yredelemnul
Zin
The Shining One

Shops:
D:4 %

Annotations:
D:8 Joseph


You were on level 8 of the Dungeon.
You worshipped Xom.
You were a special plaything of Xom.
You were very full.

You visited 2 branches of the dungeon, and saw 9 of its levels.
You also visited: Sewer and Ossuary.

You collected 366 gold pieces.


Message History

The orc throws a tomahawk of dispersal.
The tomahawk of dispersal hits you but does no damage.
The orc hits you but does no damage.
It was a potion of cancellation.
You feel magically purged.
The orc priest looks encouraged for a moment.
The orc hits you but does no damage.
You thump the orc!
You kill the orc!
Your plate armour prevents you from hitting the orc.
The orc hits you but does no damage.
You hit the orc but do no damage. The orc hits you but does no damage.
You closely miss the orc.
The orc priest looks encouraged for a moment.
The orc hits you but does no damage.
Your shield and plate armour prevent you from hitting the orc.
The orc hits you but does no damage.
You sock the orc!
You kill the orc!
You closely miss the orc. The orc hits you but does no damage.
You hit the orc but do no damage. You drain the orc! You hit the orc.
You block the orc's attack.
You bludgeon the orc!!
You kill the orc!
The orc priest looks encouraged for a moment.
Items here: )) [ † a morningstar; a chain mail; a short sword; an orc corpse You hit the orc priest but do no damage.
You drain the orc priest! You block the orc priest's attack.
You hit the orc priest. You drain the orc priest!
The orc priest miscasts a cantrip.
You hit the orc priest but do no damage.
The orc priest barely misses you.
You hit the orc priest. You drain the orc priest!
You kill the orc priest!
No target in view!
You butcher the orc corpse.
a - 4 chunks of flesh
Things that are here:
a morningstar a chain mail; a short sword
Things that are here:
a morningstar; a chain mail; a short sword
Things that are here:
a whip a ring mail Joseph, a Mercenary comes into view.
He is wielding a quarterstaff.
Joseph shouts!
Joseph unwields an uncursed quarterstaff.
Joseph wields a hunting sling.
Joseph shoots a sling bullet.
You block the sling bullet.
You see here a sling bullet.
Joseph is nearby!
Joseph is nearby!
Joseph is nearby!
Joseph is nearby!
Joseph shoots a sling bullet.
The sling bullet hits you but does no damage.
You see here a sling bullet.
Joseph shoots a sling bullet.
The sling bullet hits you!
You see here a sling bullet.
You take 13 damage, and have 55/68 hp.
Joseph shoots a sling bullet.
The sling bullet hits you.
You see here a sling bullet.
You take 3 damage, and have 52/68 hp.
Joseph shouts, "I love to fight!
I love killing!"
You sock Joseph! You drain Joseph! Joseph says, "I'm happy to see you.
And I'll be happy to kill you."
Joseph unwields an uncursed hunting sling.
Joseph wields an uncursed quarterstaff.
You block Joseph's attack.
You hit Joseph. You hit Joseph but do no damage. You drain Joseph!
Joseph zaps a wand.
The bolt of acid misses you.
It is a wand of acid (9).
You hit Joseph. You block Joseph's attack.
You hit Joseph. You drain Joseph! You block Joseph's attack.
You thump Joseph! You drain Joseph! You hit Joseph but do no damage.
Joseph zaps a wand.
The bolt of acid hits you! The acid corrodes you!
You are splashed with acid!
The acid burns!
You take 13 damage, and have 40/68 hp.
You closely miss Joseph. Joseph hits you but does no damage.
You hit Joseph. You drain Joseph!
Joseph zaps a wand.
The bolt of acid hits you!
* * * LOW HITPOINT WARNING * * *
You are splashed with acid!
The acid burns!
* * * LOW HITPOINT WARNING * * *
You take 22 damage, and have 18/68 hp.
MASSIVE DAMAGE!!
You are too injured to fight recklessly!
You are too injured to fight recklessly!
You are too injured to fight recklessly!
Your shield and plate armour prevent you from hitting Joseph.
Joseph hits you but does no damage.
You barely miss Joseph.
Joseph zaps a wand.
The bolt of acid hits you!
* * * LOW HITPOINT WARNING * * *
You are splashed with acid!
The acid burns!
You die...
Xom laughs nastily!

##.## #######.#.#
#...###.))......#
#.#.....#####.###
#...##### #.# ##.##
#.# ########.# #.#
.........# #.#
########.##########.#
#..(.(((@@...#
##############


You could see Joseph.

Notes
Turn   | Place    | Note
-------+----------+-------------------------------------------
     0 | D:1      | theanonym the Gargoyle Fighter began the quest for the Orb.
     0 | D:1      | Reached XP level 1. HP: 14/14 MP: 1/1
   276 | D:1      | Reached XP level 2. HP: 19/19 MP: 2/2
   732 | D:2      | Reached skill level 3 in Maces & Flails
   732 | D:2      | Reached XP level 3. HP: 22/24 MP: 3/3
   908 | D:2      | Reached skill level 4 in Fighting
  1020 | D:2      | Reached XP level 4. HP: 29/29 MP: 4/4
  1128 | D:2      | Noticed a water moccasin
  1144 | D:2      | HP: 14/29 [water moccasin (5)]
  1147 | D:2      | Killed a water moccasin
  1147 | D:2      | Reached skill level 4 in Maces & Flails
  1147 | D:2      | Reached XP level 5. HP: 16/34 MP: 5/5
  1617 | D:3      | Noticed Sigmund
  1629 | D:3      | Killed Sigmund
  1629 | D:3      | Reached skill level 5 in Fighting
  1629 | D:3      | Reached skill level 5 in Maces & Flails
  1629 | D:3      | Reached XP level 6. HP: 40/40 MP: 6/6
  1681 | D:3      | Found a glowing drain.
  1745 | Sewer    | Entered a sewer
  1998 | Sewer    | Reached skill level 6 in Maces & Flails
  2052 | Sewer    | Reached XP level 7. HP: 44/44 MP: 7/7
  2513 | D:3      | Found a shadowy altar of Dithmenos.
  3458 | D:4      | Found a sand-covered staircase.
  3465 | Ossuary  | Entered an ossuary
  3495 | Ossuary  | Reached skill level 6 in Fighting
  3587 | Ossuary  | Reached skill level 7 in Maces & Flails
  3659 | Ossuary  | Reached XP level 8. HP: 43/52 MP: 8/8
  3706 | Ossuary  | HP: 21/52 [mummy (10)]
  3708 | Ossuary  | HP: 8/52 [mummy (10)]
  4203 | D:4      | Found an ancient bone altar of Kikubaaqudgha.
  4220 | D:4      | Found Totadech's Food Boutique.
  4232 | D:4      | Found a burning altar of Makhleb.
  4262 | D:4      | Found a staircase to the Ecumenical Temple.
  4273 | Temple   | Entered the Ecumenical Temple
  4420 | D:4      | Found a shadowy altar of Dithmenos.
  4545 | D:4      | Found a runed door.
  4680 | D:4      | Reached skill level 8 in Maces & Flails
  4929 | D:4      | Noticed Crazy Yiuf
  4932 | D:4      | Killed Crazy Yiuf
  4965 | D:5      | Entered Level 5 of the Dungeon
  5097 | D:5      | Reached skill level 7 in Fighting
  5162 | D:5      | Found a glowing silver altar of Zin.
  5355 | D:5      | Noticed Grinder
  5357 | D:5      | Paralysed by Grinder for 7 turns
  5366 | D:5      | Killed Grinder
  5366 | D:5      | Reached skill level 9 in Maces & Flails
  5791 | D:5      | Found an ornate altar of the Wu Jian Council.
  5791 | D:5      | Found a shimmering altar of Xom.
  5797 | D:5      | Became a worshipper of Xom of Chaos
  5852 | D:6      | Noticed Duvessa
  5852 | D:6      | Noticed Dowan
  5856 | D:6      | XOM: potion effect (invisibility)
  5857 | D:6      | Killed Duvessa
  5857 | D:6      | Reached XP level 9. HP: 59/59 MP: 9/9
  5857 | D:6      | XOM: potion effect (brilliance)
  5863 | D:6      | Killed Dowan
  5868 | D:6      | Reached skill level 8 in Fighting
  5891 | D:6      | Got a coiled brass amulet
  5918 | D:6      | XOM: silly message
  5954 | D:6      | Reached skill level 10 in Maces & Flails
  5991 | D:6      | XOM: harmless Tmut miscast
  5993 | D:6      | XOM: harmless Pois miscast
  5996 | D:6      | HP: 30/60 [wight/halberd (5)]
  5997 | D:6      | HP: 13/60 [wight/trident of freezing (2)]
  6012 | D:6      | XOM: potion effect (invisibility)
  6017 | D:6      | HP: 13/60 [wight/halberd (4)]
  6372 | D:6      | XOM: harmless Tloc miscast
  6489 | D:6      | Found a snail-covered altar of Cheibriados.
  6553 | D:6      | XOM: medium Tmut miscast
  6897 | D:6      | Reached skill level 9 in Fighting
  6998 | D:6      | XOM: harmless Air miscast
  7024 | D:7      | XOM: confuse monster(s)
  7050 | D:7      | Reached skill level 11 in Maces & Flails
  7119 | D:7      | Identified the amulet "Istrecs" {RegenMP *Corrode rF+ rC+} (You found it on level 6 of the Dungeon)
  7136 | D:7      | Noticed theanonym's ghost (novice MiAr)
  7141 | D:7      | XOM: cast spell 'Leda's Liquefaction'
  7149 | D:7      | XOM: noise
  7159 | D:7      | XOM: enchant monster (good)
  7164 | D:7      | XOM: divination: detect items
  7170 | D:7      | XOM: summons friendly quasit
  7187 | D:7      | HP: 45/90 [theanonym's ghost (4)]
  7188 | D:7      | Killed theanonym's ghost
  7188 | D:7      | Reached XP level 10. HP: 50/66 MP: 10/10
  7244 | D:7      | XOM: divination: detect creatures
  7574 | D:7      | XOM: mild Erth miscast
  7701 | D:7      | XOM: god gift: 29 gold pieces {god gift}
  7842 | D:7      | Reached skill level 12 in Maces & Flails
  7893 | D:7      | XOM: harmless Tloc miscast
  7898 | D:7      | Reached skill level 10 in Fighting
  7907 | D:7      | XOM: blink monster(s)
  7950 | D:7      | Noticed a kobold demonologist
  7965 | D:7      | Killed a kobold demonologist
  7981 | D:7      | XOM: god gift: 19 stones {god gift}
  8098 | D:7      | Found a bloodstained altar of Trog.
  8098 | D:7      | Found a deep blue altar of Sif Muna.
  8276 | D:7      | XOM: give mutations
  8276 | D:7      | Gained mutation: You possess an exceptional clarity of mind. [Xom's mischief]
  8276 | D:7      | Gained mutation: Scrolls take you a little longer to read. [Xom's mischief]
  8276 | D:7      | Gained mutation: You are agile. (Dex +2) [Xom's mischief]
  8358 | D:8      | XOM: enchant monster (good)
  8428 | D:8      | Noticed Joseph
  8442 | D:8      | HP: 25/68 [Joseph/wand of acid (8) (15)]
  8444 | D:8      | HP: 5/68 [Joseph/wand of acid (7) (13)]
  8444 | D:8      | Splashed by Joseph's acid

Vanquished Creatures
  The ghost of theanonym the Cleaver, a novice MiAr (D:7)
  A kobold demonologist (D:7)
  Grinder (D:5)
  A hippogriff (D:7)
  Sigmund (D:3)
  A water moccasin (D:2)
  2 ice beasts
  2 orc warriors
  2 sky beasts
  Duvessa (D:6)
  A phantom (D:7)
  2 black bears (D:7)
  2 ogres
  4 centaurs
  3 big kobolds
  6 bullfrogs
  Dowan (D:6)
  2 water moccasin zombies (Ossuary)
  A scorpion (D:5)
  8 wights
  2 crimson imps
  A quasit (D:7)
  A centaur skeleton (D:5)
  3 orc priests
  A jelly (D:6)
  Crazy Yiuf (D:4)
  3 iguanas
  5 orc wizards
  9 worker ants
  8 big kobold zombies (Ossuary)
  2 mummies (Ossuary)
  3 river rats (Sewer)
  15 adders
  7 gnolls
  7 oozes
  4 adder zombies (Ossuary)
  4 adder skeletons
  12 worms
  4 dart slugs
  7 leopard geckos
  21 orcs
  3 giant cockroaches
  A gnoll zombie (Ossuary)
  8 goblins
  6 hobgoblins
  4 jackals
  2 quokkas
  4 ball pythons
  2 bats (D:3)
  3 frilled lizards
  7 hobgoblin zombies (Ossuary)
  13 kobolds
  4 kobold zombies (Ossuary)
  A leopard gecko skeleton (D:5)
  8 orc zombies (Ossuary)
  A quokka skeleton (D:4)
  A quokka zombie (D:6)
  6 rats
237 creatures vanquished.
